 Dungeon Crawl Stone Soup version 0.26.1-11-gd32895ea62 (webtiles) character file.

Game seed: 16069790418319987249

16080 Dadi the Cleaver (level 12, 0/97 HPs)
             Began as a Demonspawn Berserker on July 18, 2021.
             Was an Elder of Trog.
             Succumbed to a black mamba's poison
             ... on level 5 of the Lair of Beasts.
             The game lasted 00:25:57 (16812 turns).

Dadi the Cleaver (Demonspawn Berserker)            Turns: 16812, Time: 00:25:59

Health: 0/97       AC: 18    Str: 23    XL:     12   Next: 6%
Magic:  12/12      EV:  9    Int:  9    God:    Trog [****..]
Gold:   905        SH:  0    Dex: 12    Spells: 11/11 levels left

rFire    + . .     SeeInvis .   S - +2 battleaxe (flame)
rCold    + . .     Faith    .   (shield currently unavailable)
rNeg     + . .     Spirit   .   C - +1 chain mail {rF+}
rPois    .         Reflect  .   u - +0 helmet
rElec    .         Harm     .   R - scarf {repulsion}
rCorr    +         Rampage  .   Y - +0 pair of gloves
Will     .....                  (no boots)
Stlth    ..........             (no amulet)
HPRegen  0.26/turn              c - ring of resist corrosion
MPRegen  0.13/turn              l - ring of positive energy

@: lethally poisoned (0 -> -15), marked, berserk cooldown, slowed, repel
missiles, very slow
A: hooves 2, slimy green scales 2, cold resistance 1, miasma immunity
a: Renounce Religion, Berserk, Trog's Hand, Brothers in Arms


You were on level 5 of the Lair of Beasts.
You worshipped Trog.
Trog was greatly pleased with you.
You visited 2 branches of the dungeon, and saw 15 of its levels.
You also visited: Sewer.

You collected 905 gold pieces.

Inventory:

Hand Weapons
 a - a +0 hand axe
 I - a +0 hand axe of flaming
 S - a +2 battleaxe of flaming (weapon)
Armour
 b - a +0 animal skin
 k - a +0 plate armour
 u - a +0 helmet (worn)
 z - a +0 cloak
 C - a +1 chain mail of fire resistance (worn)
 E - a +0 tower shield
 R - a scarf of repulsion (worn)
 Y - a +0 pair of gloves (worn)
Jewellery
 c - a ring of resist corrosion (left hand)
 f - an uncursed ring of fire
 l - a ring of positive energy (right hand)
 s - a +6 ring of strength {unknown}
 F - an uncursed ring of protection from cold {unknown}
 M - an uncursed ring of see invisible
 Q - an uncursed ring of ice {unknown}
 V - an uncursed amulet of the acrobat {unknown}
Wands
 x - a wand of iceblast (35)
 A - a wand of flame (49)
 B - a wand of polymorph (24)
 J - a wand of random effects (9)
 K - a wand of enslavement (12)
 L - a wand of disintegration (16)
 N - a wand of digging (10)
Scrolls
 e - 10 scrolls of identify
 g - 6 scrolls of enchant weapon {unknown}
 i - 11 scrolls of teleportation {unknown}
 j - 2 scrolls of fog {unknown}
 m - 8 scrolls of remove curse
 o - 2 scrolls of fear {unknown}
 r - 6 scrolls of blinking {unknown}
 y - 2 scrolls of magic mapping {unknown}
 G - a scroll of silence {unknown}
 H - a scroll of amnesia {unknown}
 O - 2 scrolls of holy word {unknown}
 T - a scroll of noise {unknown}
 X - a scroll of enchant armour {unknown}
Potions
 d - 7 potions of curing {unknown}
 h - 3 potions of might {unknown}
 n - 3 potions of brilliance {unknown}
 p - 5 potions of mutation {unknown}
 q - 4 potions of flight {unknown}
 t - 2 potions of ambrosia {unknown}
 v - 5 potions of lignification {unknown}
 w - 6 potions of heal wounds
 D - a potion of attraction {unknown}
 P - 3 potions of haste {unknown}
 U - a potion of resistance {unknown}
 W - a potion of cancellation {unknown}


   Skills:
 + Level 10.0 Fighting
 * Level 10.9 Axes
 - Level 9.0 Armour
 - Level 1.8 Dodging
 - Level 7.0 Shields
 + Level 4.6 Evocations


You had 11 spell levels left.
You didn't know any spells.
Your spell library was empty.

Dungeon Overview and Level Annotations

Branches:
Dungeon (10/15)            Temple (0/1) D:6            Lair (5/6) D:9
    Orc (0/2) D:10          Sewer (visited)
  Swamp: Lair:2-4    Shoals: Lair:2-4     Snake: Lair:2-4    Spider: Lair:2-4
  Slime: Lair:5-6

Altars:
Dithmenos
Gozag
Kikubaaqudgha
Qazlal
Trog
Yredelemnul
Lugonu


Innate Abilities, Weirdness & Mutations

You have hoof-like feet.
You are mostly covered in slimy green scales. (AC +3)
Your flesh is cold resistant. (rC+)
You are immune to miasma.


Message History

There is a stone staircase leading down here.
You feel sick. The bullfrog barely misses you. The bullfrog hits you.
* * * LOW HITPOINT WARNING * * *
The bullfrog hits you.
* * * LOW HITPOINT WARNING * * *
The bullfrog hits you.
* * * LOW HITPOINT WARNING * * *
The polar bear bites you.
* * * LOW HITPOINT WARNING * * *
The polar bear barely misses you.
The polar bear claws you but does no damage.
The bullfrog barely misses you.
The bullfrog hits you but does no damage. x2
The bullfrog hits you.
* * * LOW HITPOINT WARNING * * *
The bullfrog hits you but does no damage.
The polar bear completely misses you. The polar bear closely misses you.
The polar bear barely misses you.
You climb downwards.
You die...

...PPP
.....P
......
......#
.......###
.........
......F.##
......F@h#
......FF##
.......##
......#
....##
.... ###


You could see a polar bear and 4 bullfrogs.

Vanquished Creatures
  A catoblepas (Lair:2)
  Urug (D:10)
  The ghost of Pacifist the Nimble, a novice DrTm of Sif Muna (D:8)
  4 black mambas
  3 cane toads
  2 rime drakes
  6 komodo dragons
  Grinder (D:4)
  A polar bear (Lair:2)
  3 blink frogs (Lair:3)
  Sigmund (D:5)
  A shadow (D:9)
  3 wyverns
  13 yaks
  3 basilisks
  Menkaure (D:5)
  2 water moccasins
  2 phantoms
  3 orc warriors
  A black bear (D:6)
  4 ice beasts
  3 ogres
  17 wolves
  A centaur (D:9)
  3 big kobolds
  8 bullfrogs
  A scorpion (D:6)
  A water moccasin skeleton (D:7)
  11 killer bees
  3 wights (D:9)
  3 howler monkeys (D:10)
  An electric eel (Lair:2)
  A bullfrog zombie (D:7)
  A quasit (Sewer)
  5 hounds
  5 orc wizards
  Crazy Yiuf (D:4)
  2 centaur skeletons
  5 orc priests
  A jelly (D:6)
  An iguana (D:5)
  Ijyb (D:5)
  8 worker ants
  A big kobold zombie (Sewer)
  A hound zombie (D:7)
  A hound skeleton (D:5)
  A worker ant zombie (D:5)
  5 adders
  5 shadow imps
  A white imp (D:7)
  4 ufetubi
  An ooze (D:1)
  3 adder zombies
  3 worms
  2 dart slugs
  2 leopard geckos
  32 orcs
  7 bats
  9 giant cockroaches
  8 goblins
  4 hobgoblins
  8 jackals
  5 quokkas
  5 ball pythons
  5 frilled lizards
  26 kobolds
  A kobold zombie (Sewer)
  8 rats
288 creatures vanquished.

Vanquished Creatures (collateral kills)
  A hydra (Lair:3)
  A water moccasin (Lair:3)
2 creatures vanquished.

Vanquished Creatures (others)
  A centaur (D:10)
  An orc priest (D:10)
  3 orcs (D:10)
  2 kobold zombies (Sewer)
  13 fungi
  6 plants
  2 withered plants (D:8)
28 creatures vanquished.

Grand Total: 318 creatures vanquished

Notes
Turn   | Place    | Note
-------+----------+-------------------------------------------
     0 | D:1      | Dadi the Demonspawn Berserker began the quest for the Orb.
     0 | D:1      | Reached XP level 1. HP: 18/18 MP: 1/1
   358 | D:1      | Gained mutation: You are immune to miasma. [demonic
                  | ancestry]
   358 | D:1      | Reached XP level 2. HP: 20/24 MP: 2/2
  1329 | D:2      | Reached XP level 3. HP: 25/29 MP: 3/3
  1722 | D:2      | Found a stormy altar of Qazlal.
  1829 | D:2      | Found a basalt altar of Yredelemnul.
  1998 | D:3      | Reached ** piety under Trog
  1999 | D:3      | Gained mutation: You are partially covered in slimy green
                  | scales. (AC +2) [demonic ancestry]
  1999 | D:3      | Reached XP level 4. HP: 36/37 MP: 4/4
  2663 | D:4      | Noticed Grinder
  2664 | D:4      | Paralysed by Grinder for 2 turns
  2677 | D:4      | Paralysed by Grinder for 4 turns
  2685 | D:4      | Killed Grinder
  2686 | D:4      | Reached skill level 5 in Fighting
  2686 | D:4      | Reached XP level 5. HP: 44/44 MP: 5/5
  2686 | D:4      | Gained mutation: Your flesh is cold resistant. (rC+)
                  | [demonic ancestry]
  2686 | D:4      | Reached XP level 6. HP: 51/51 MP: 6/6
  2824 | D:4      | Reached skill level 5 in Axes
  3647 | D:4      | Found a runed translucent door.
  3648 | D:4      | Noticed Crazy Yiuf
  3665 | D:4      | Killed Crazy Yiuf
  3844 | D:5      | Entered Level 5 of the Dungeon
  3855 | D:5      | Reached XP level 7. HP: 48/58 MP: 7/7
  3975 | D:5      | Found an ancient bone altar of Kikubaaqudgha.
  3982 | D:5      | Noticed Menkaure
  4000 | D:5      | Reached *** piety under Trog
  4001 | D:5      | Killed Menkaure
  4365 | D:5      | Noticed Ijyb
  4395 | D:5      | Killed Ijyb
  4721 | D:5      | Noticed Sigmund
  4729 | D:5      | Killed Sigmund
  4730 | D:5      | Gained mutation: You are mostly covered in slimy green
                  | scales. (AC +3) [demonic ancestry]
  4730 | D:5      | Reached XP level 8. HP: 67/67 MP: 8/8
  4796 | D:6      | Found a glowing drain.
  4829 | Sewer    | Entered a sewer
  5202 | Sewer    | Found a burning altar of Makhleb.
  5298 | Sewer    | Reached **** piety under Trog
  5307 | Sewer    | Reached skill level 5 in Armour
  5770 | D:6      | Reached skill level 1 in Shields
  6443 | D:6      | Found a staircase to the Ecumenical Temple.
  6695 | D:6      | Found an opulent altar of Gozag.
  7015 | D:7      | Found a shadowy altar of Dithmenos.
  7367 | D:7      | Gained mutation: You have large cloven feet. [demonic
                  | ancestry]
  7367 | D:7      | Reached XP level 9. HP: 67/72 MP: 9/9
  8023 | D:7      | Found a bloodstained altar of Trog.
  8711 | D:8      | Reached skill level 5 in Shields
  9271 | D:8      | Found a runed translucent door.
  9272 | D:8      | Noticed Pacifist's ghost (novice DrTm)
  9504 | D:8      | Noticed a rust devil
  9507 | D:8      | Noticed a hell beast
  9507 | D:8      | Noticed a rust devil
  9508 | D:8      | Found a corrupted altar of Lugonu.
  9508 | D:8      | Noticed a rust devil
  9652 | D:8      | Killed Pacifist's ghost
  9959 | D:9      | Found a staircase to the Lair.
 10468 | D:9      | Gained mutation: You have hoof-like feet. [demonic
                  | ancestry]
 10468 | D:9      | Reached XP level 10. HP: 76/79 MP: 10/10
 10713 | D:9      | Reached ***** piety under Trog
 11156 | D:10     | Entered Level 10 of the Dungeon
 11332 | D:10     | Found a staircase to the Orcish Mines.
 11398 | D:10     | Noticed Urug
 11420 | D:10     | Killed Urug
 11496 | D:10     | Noticed a two-headed ogre
 11535 | Lair:1   | Entered Level 1 of the Lair of Beasts
 12000 | Lair:1   | Received a gift from Trog
 12451 | Lair:1   | Noticed a black mamba
 12455 | Lair:1   | Killed a black mamba
 12630 | Lair:1   | Reached XP level 11. HP: 81/87 MP: 11/11
 13605 | Lair:2   | Noticed a catoblepas
 13641 | Lair:2   | Killed a catoblepas
 13642 | Lair:2   | Reached skill level 1 in Evocations
 15391 | Lair:3   | Noticed a six-headed hydra
 15401 | Lair:3   | Killed a six-headed hydra
 15402 | Lair:3   | Reached skill level 10 in Axes
 16804 | Lair:4   | Reached XP level 12. HP: 58/97 MP: 12/12
 16806 | Lair:4   | Reached skill level 10 in Fighting
 16808 | Lair:4   | Noticed a five-headed hydra
 16811 | Lair:4   | Noticed a seven-headed hydra
 16811 | Lair:4   | HP: 1/97 [bullfrog (4)]
 16812 | Lair:5   | Succumbed to a black mamba's poison

Illustrated notes

Levels and vault maps discovered:
D:1:      dpeg_arrival_stonehenge_8_columns, layout_basic
D:2:      layout_basic, lemuel_coloured_pillars_altar,
          nicolae_qazlal_general_emergency
D:3:      layout_rooms, corexii_leaking_fountain
D:4:      layout_cave_pools, minmay_misc_feat_square, abandoned_shop,
          uniq_crazy_yiuf_cottage, uniq_grinder
D:5:      layout_rooms, basic_altar, grunt_decor_junction,
          chequers_serial_rivers_micro_a, uniq_ijyb, uniq_sigmund, uniq_menkaure
D:6:      layout_loops_cross, lemuel_round_altar, minmay_temple_entry_slanted,
          cheibrodos_sewer_entry_drain
D:7:      layout_basic, nicolae_dithmenos_through_a_glass_darkly,
          lightli_temple_of_fire
D:8:      cheibrodos_quashed, layout_gridville, gammafunk_ghost_grave,
          lemuel_hellish_altar
D:9:      layout_basic, lair_entry_dummy, minmay_misc_feat_chi, minivault_22
D:10:     layout_cave_pods, orc_0_dummy, lemuel_flamethrower_2, uniq_urug
Lair:1:   layout_small_grid
Lair:2:   layout_gridlike
Lair:3:   layout_roguey
Lair:4:   layout_hall_layers, elwin_shoals_entry_rocks, dummy_snake_entry,
          grunt_megastairs_4
Lair:5:   layout_cave_pods, slime_dummy, lemuel_fruit_tree

Skill      XL: |  1  2  3  4  5  6  7  8  9 10 11 12 |
---------------+-------------------------------------+-----
Axes           | 3 4 5 6 8 10 | 10.9
Fighting       | 4 5 6 7 8 9 10 | 10.0
Armour         | 3 6 8 9 |  9.0
Shields        | 3 6 7 |  7.0
Evocations     | 4 |  4.6
Dodging        | |  1.8

Action                   |  1- 3 |  4- 6 |  7- 9 | 10-12 || total
-------------------------+-------+-------+-------+-------++-------
Melee: Hand axe          |   107 |   163 |   663 |   161 ||  1094
       Kick              |       |       |    62 |    95 ||   157
       Battleaxe         |       |       |       |   171 ||   171
Invok: Berserk           |       |     1 |     6 |     8 ||    15
       Brothers in Arms  |       |       |       |     1 ||     1
Evoke: Wand              |       |       |    12 |     1 ||    13
  Use: Scroll            |     2 |       |       |       ||     2
Armor: Animal skin       |     4 |       |       |       ||     4
       Plate armour      |    58 |   133 |   201 |       ||   392
       Chain mail        |       |       |   249 |   242 ||   491
Dodge: Dodged            |    44 |    52 |   149 |   140 ||   385
       Repelled          |       |       |       |     3 ||     3
Block: Tower shield      |       |       |   320 |   141 ||   461
